 Dungeon Crawl Stone Soup version 0.27-a0-1529-g1e82c303ef (webtiles) character file.

Game seed: 6896097575044218559

21 Spectrina the Chiller (level 3, 0/24 HPs)
             Began as a Human Ice Elementalist on July 12, 2021.
             Was an Initiate of Dithmenos.
             Succumbed to an adder's poison
             ... on level 2 of the Dungeon.
             The game lasted 00:03:43 (328 turns).

Spectrina the Chiller (Human Ice Elementalist)       Turns: 328, Time: 00:03:44

Health: 0/24       AC:  2    Str:  8    XL:     3   Next: 2%
Magic:  0/6        EV: 12    Int: 16    God:    Dithmenos [......]
Gold:   10         SH:  0    Dex: 13    Spells: 5/6 levels left

rFire    . . .     SeeInvis .   (no weapon)
rCold    . . .     Faith    .   (no shield)
rNeg     . . .     Spirit   .   a - +0 robe
rPois    .         Reflect  .   (no helmet)
rElec    .         Harm     .   (no cloak)
rCorr    .         Rampage  .   (no gloves)
Will     .....                  (no boots)
Stlth    ++........             (no amulet)
HPRegen  0.08/turn              (no ring)
MPRegen  0.10/turn              (no ring)

@: lethally poisoned (0 -> -6)
A: no striking features
a: Renounce Religion


You were on level 2 of the Dungeon.
You worshipped Dithmenos.
Dithmenos was noncommittal.
You visited 1 branch of the dungeon, and saw 2 of its levels.

You collected 10 gold pieces.

Inventory:

Armour
 a - a +0 robe (worn)


   Skills:
 - Level 2.0 Dodging
 - Level 2.0 Stealth
 - Level 2.0 Spellcasting
 + Level 4.8 Ice Magic


You had 5 spell levels left.
You knew the following spells:

 Your Spells              Type           Power      Damage    Failure   Level
a - Freeze                Ice            68%        1d8       2%          1

Your spell library contained the following spells:

 Spells                   Type           Power      Damage    Failure   Level
 Frozen Ramparts          Ice            34%        1d5       9%          3
 Ozocubu's Armour         Ice            17%        N/A       9%          3
 Hailstorm                Conj/Ice       9%         3d4       61%         4


Dungeon Overview and Level Annotations

Branches:
Dungeon (2/15)

Altars:
Dithmenos

Shops:
D:2 =


Message History

You feel sick.
You are no longer poisoned.
The bat hits you but does no damage. The bat misses you.
Unknown command.
You hit the bat but do no damage. The bat barely misses you.
The bat closely misses you. The bat hits you but does no damage.
Casting: Freeze (safe; 3% risk of failure)
Confirm with . or Enter, or press ? or * to list all spells.
Aiming: Freeze (safe; 3% risk of failure)
Press: ? - help, Shift-Dir - straight line, f - bat
Aim: a bat You freeze the bat.
You kill the bat!
Dithmenos accepts your kill. The adder bites you but does no damage.
You aren't carrying any potions.
As you read the scroll labelled FYREPNA DABUEM, it crumbles to dust.
It is a scroll of amnesia.
Really abort (and waste the scroll)? [Y]es or [N]o only, please.
Really abort (and waste the scroll)? [Y]es or [N]o only, please.
Really abort (and waste the scroll)?
Okay, then.
As you read the scroll labelled PUROMN UTRIE, it crumbles to dust.
It is a scroll of identify.
You don't have any unidentified items.
The adder barely misses you. The adder bites you.
* * * LOW HITPOINT WARNING * * *
You are lethally poisoned!
The adder poisons you!
Casting: Freeze (safe; 2% risk of failure)
Confirm with . or Enter, or press ? or * to list all spells.
Aiming: Freeze (safe; 2% risk of failure)
Press: ? - help, Shift-Dir - straight line, f - adder
Aim: an adder You freeze the adder.
The adder is lightly wounded.
The adder seems to slow down.
You die...

..# #.### ##....#.##..# ..#
(.#... ##.#....##...## #.# #.##..
##.#....####...# #.#
..#..##......##..#...## #.#
#.###..#..#.##...###..# #.#
###..#.......##..#).#..## #.#
#....###..#.##...##.##... #.#
##..#....##..#..#.†#..# #.#
#...##@.##...##.##.###. #.#
#...#..SS##..#.[#..#.)'..
#.##############################.
#................##....# ####..
################.##.##.# #....#
#.....#.# #...## # #######.#
#...# #.# #...# #.# #.†.#


You could see 2 adders.

Vanquished Creatures
  3 dart slugs (D:2)
  A ball python (D:2)
  2 endoplasms (D:2)
  A giant cockroach (D:2)
  2 goblins (D:2)
  A hobgoblin (D:2)
  2 bats (D:2)
  2 frilled lizards (D:2)
14 creatures vanquished.

Notes
Turn   | Place    | Note
-------+----------+-------------------------------------------
     0 | D:1      | Spectrina the Human Ice Elementalist began the quest for
                  | the Orb.
     0 | D:1      | Reached XP level 1. HP: 13/13 MP: 3/3
    16 | D:2      | Found Fiudaet's Jewellery Shop.
    24 | D:2      | Found a shadowy altar of Dithmenos.
   175 | D:2      | Reached XP level 2. HP: 11/19 MP: 3/5
   230 | D:2      | Became a worshipper of Dithmenos the Shadowed
   301 | D:2      | Reached XP level 3. HP: 11/24 MP: 1/6
   328 | D:2      | Succumbed to an adder's poison

Illustrated notes

Levels and vault maps discovered:
D:1:      lemuel_arrival_lava_pool, layout_loops_ring
D:2:      minmay_razor_zed, layout_basic, basic_altar, basic_ecumenical_altar,
          serial_shops, shop

Action                   || total
-------------------------++-------
Melee: Unarmed           ||    13
 Cast: Freeze            ||    24
  Use: Scroll            ||     2
 Stab: Sleeping          ||     2
Armor: Robe              ||     6
Dodge: Dodged            ||    18

Table legend: (Time is in decaauts)
 A = Elapsed time spent in this place.
 B = Non-inter-level travel time spent in this place.
 C = Inter-level travel time spent in this place.
 D = Time resting spent in this place.
 E = Time spent auto-exploring this place.
 F = Levels seen in this place.
 G = Mean time per level.
                   A        B        C        D        E       F      G
               +--------+--------+--------+--------+--------+-----+--------+
         Total |    327 |    299 |     28 |      0 |      0 |   2 |  163.5 |
       Dungeon |    327 |    299 |     28 |      0 |      0 |   2 |  163.5 |
               +--------+--------+--------+--------+--------+-----+--------+

Top non-repeatable levels by time:
     D:2: 311 daAuts
     D:1: 16 daAuts
